 Dungeon Crawl Stone Soup version 0.28.0-53-g5a82cb258f (webtiles) character file.

Game seed: 12467149127080035148

77572 Peloso the Fencer (level 15, -14/141 HPs)
             Began as a Minotaur Fighter on June 23, 2022.
             Was a High Priest of Okawaru.
             Engulfed by a cloud of flame (22 damage)
             ... on level 14 of the Dungeon.
             The game lasted 00:57:38 (32634 turns).

Peloso the Fencer (Minotaur Fighter)               Turns: 32634, Time: 00:57:39

Health: -14/141    AC: 26    Str: 31    XL:     15   Next: 15%
Magic:  16/18      EV: 16    Int:  5    God:    Okawaru [*****.]
Gold:   1503       SH:  9    Dex: 19    Spells: 14/14 levels left

rFire   . . .      SeeInvis .   a - +10 scimitar of Past Mistakes {drain, rElec}
rCold   . . .      Faith    .   c - +0 buckler
rNeg    . . .      Spirit   .   E - +4 chain mail
rPois   .          Reflect  .   k - +1 hat {Stlth+}
rElec   +          Harm     .   g - +0 cloak
rCorr   .          Rampage  .   f - +0 pair of gloves
Will    +....                   e - +0 pair of boots
Stlth   ++........              (no amulet)
HPRegen 0.33/turn               m - +6 ring of strength
MPRegen 0.16/turn               j - +6 ring of dexterity

@: heroic
A: horns 2, retaliatory headbutt
a: Renounce Religion, Heroism, Finesse, Duel


You were on level 14 of the Dungeon.
You worshipped Okawaru.
Okawaru was extremely pleased with you.
You visited 4 branches of the dungeon, and saw 22 of its levels.

You collected 2018 gold pieces.
You spent 515 gold pieces at shops.

Inventory:

Hand Weapons
 a - the +10 scimitar of Past Mistakes (weapon) {drain, rElec}
   (You found it on level 4 of the Lair of Beasts)

   A truly terrible weapon, it drains the life of any living foe it strikes.
   rElec:     It insulates you from electricity.
 b - a +3 scimitar of flaming
 v - the +5 hand crossbow "Xitrow" {flame, Str+4}
   (You bought it in a shop on level 2 of the Orcish Mines)

   Any ammunition fired from it burns those it strikes, dealing additional fire
   damage.
   Str:       It affects your strength (+4).
Missiles
 B - 104 bolts
Armour
 c - a +0 buckler (worn)
 e - a +0 pair of boots (worn)
 f - a +0 pair of gloves (worn)
 g - a +0 cloak (worn)
 k - a +1 hat of stealth (worn)
 E - a +4 chain mail (worn)
 G - a +2 hat
 N - a +2 scale mail of willpower
Jewellery
 j - a +6 ring of dexterity (right hand)
 m - a +6 ring of strength (left hand)
 o - a ring of flight
 p - a ring of see invisible
 y - a +4 ring of protection
 I - a ring of positive energy
Wands
 i - a wand of flame (53)
 C - a wand of paralysis (2)
 K - a wand of acid (8)
 O - a wand of polymorph (5)
Scrolls
 h - 8 scrolls of teleportation
 l - a scroll of enchant weapon
 n - 3 scrolls of magic mapping
 r - 4 scrolls of blinking
 u - a scroll of fear
 w - 2 scrolls of summoning
 x - a scroll of silence
 A - a scroll of acquirement
 D - 2 scrolls of fog
 F - 2 scrolls of holy word
 H - 2 scrolls of immolation
 J - 3 scrolls of noise
 P - a scroll of amnesia {unknown}
Potions
 d - 6 potions of might
 q - 2 potions of brilliance
 s - 3 potions of haste
 t - 8 potions of curing
 z - 4 potions of flight
 L - a potion of resistance
 M - 2 potions of ambrosia


   Skills:
 + Level 15.5(20.5) Fighting
 + Level 17.0(22.0) Long Blades
 + Level 2.5(7.5) Polearms
 + Level 0.5(5.5) Crossbows
 + Level 16.7(21.7) Armour
 + Level 6.2(11.2) Dodging
 + Level 2.2(7.2) Stealth
 + Level 13.3(18.3) Shields
 + Level 5.4 Invocations
 + Level 1.3 Evocations


You had 14 spell levels left.
You didn't know any spells.
Your spell library contained the following spells:

 Spells                   Type           Power      Damage    Failure   Level
 Dazzling Flash           Conj/Hex       0%         N/A       99%         3
 Iskenderun's Mystic Bla  Conj/Tloc      0%         2d3       100%        4
 Petrify                  Tmut/Erth      0%         N/A       100%        4
 Freezing Cloud           Conj/Ice/Air   0%         6-21      100%        5
 Metabolic Englaciation   Hex/Ice        0%         N/A       100%        5
 Starburst                Conj/Fire      0%         6d3       100%        6
 Statue Form              Tmut/Erth      0%         N/A       100%        6
 Storm Form               Tmut/Air       0%         N/A       100%        7
 Maxwell's Capacitive Co  Air            0%         ∞         100%        8
 Polar Vortex             Ice            0%         N/A       100%        9
 Summon Lightning Spire   Summ/Air       Unusable   N/A       N/A         4
 Simulacrum               Ice/Necr       Unusable   N/A       N/A         6

Dungeon Overview and Level Annotations

Branches:
Dungeon (14/15)            Temple (1/1) D:5            Lair (5/6) D:10
 Shoals (0/4) Lair:4       Spider (0/4) Lair:4        Slime (0/5) Lair:5
    Orc (2/2) D:12            Elf (0/3) Orc:2        Vaults (0/5) D:13

Altars:
Ashenzari
Cheibriados
Dithmenos
Elyvilon
Fedhas
Gozag
Hepliaklqana
Kikubaaqudgha
Makhleb
Nemelex Xobeh
Okawaru
Qazlal
Ru
Sif Muna
Trog
Uskayaw
Vehumet
Wu Jian
Xom
Yredelemnul
Zin
Beogh
Jiyva

Shops:
D:10 *   Orc:2 *!([(

Portals:
Trove: D:13 (give 2 scrolls of acquirement)

Annotations:
D:5 2 runed translucent doors
D:7 3 runed translucent doors, Peloso's ghost, novice MiFi
D:10 1 runed translucent door, Infinimo's ghost, journeyman GrBe
Lair:2 Casa
Orc:2 1 runed translucent door, DildoBatman's ghost, journeyman FoCj


Innate Abilities, Weirdness & Mutations

You have a pair of horns on your head.
You reflexively headbutt those who attack you in melee.


Message History

The red ugly thing is moderately wounded.
You slice the red ugly thing!! You drain the red ugly thing!
You kill the red ugly thing!
Okawaru accepts your kill.
A fire crab comes into view.
The fire crab moves out of view.
You closely miss the red ugly thing. The red ugly thing headbutts you!
You are engulfed in flames!
You slice the red ugly thing!! You drain the red ugly thing.
The red ugly thing is heavily wounded.
You cut the red ugly thing into ribbons!!!
You kill the red ugly thing!
Okawaru accepts your kill.
You cut the cyan ugly thing into ribbons!!!
You headbutt the cyan ugly thing!
The cyan ugly thing is severely wounded.
You slice the cyan ugly thing!!
You kill the cyan ugly thing!
Okawaru accepts your kill.
You feel more confident with your borrowed prowess.
The fire crab bites you!
* * * LOW HITPOINT WARNING * * *
You are engulfed in flames!
* * * LOW HITPOINT WARNING * * *
The fire crab completely misses you.
You slice the fire crab!! Your headbutt misses the fire crab.
The fire crab is severely wounded.
The fire crab breathes flames at you. The blast of flame misses you.
You slice the fire crab!!
You kill the fire crab!
Okawaru accepts your kill.
The fire crab's shape twists and changes as it dies.
You are engulfed in blazing flames.
* * * LOW HITPOINT WARNING * * *
You are engulfed in blazing flames.
* * * LOW HITPOINT WARNING * * *
You see here a shapeshifter corpse.
You are engulfed in blazing flames.
You die...

########## #........#
#........# #........####
##### #...........# ...#
#...........#
#######°###°..........#
.......@°○°°°.........##
######.°########.......#
#....°.# #.......#
#......# #........
#......# ......#....
.......... .......+....
#######...[
........#....
#.............#....
..............#....


There were no monsters in sight!

Vanquished Creatures
  Gastronok (D:11)
  An orc warlord (Orc:1)
  An ironbound preserver (D:13)
  Azrael (D:13)
  Snorg (Lair:5)
  Harold (D:7)
  2 boulder beetles
  3 hydras
  4 centaur warriors
  8 two-headed ogres
  A catoblepas (D:13)
  A death knight (D:11)
  11 death yaks
  2 orc high priests (Orc:2)
  Nergalle (Lair:3)
  A skeletal warrior (D:10)
  A fire crab (shapeshifter) (D:14)
  Pikel (D:4)
  3 orc knights
  A deep elf zephyrmancer (D:12)
  An orc sorcerer (Orc:2)
  2 deep elf pyromancers
  5 ugly things
  6 manticores
  24 elephants
  6 cyclopes
  5 black mambas
  2 gargoyles
  9 cane toads
  A kobold demonologist (D:10)
  An unseen horror (D:7)
  2 rime drakes
  7 komodo dragons
  A freezing wraith (D:10)
  3 polar bears
  10 trolls
  Grinder (D:3)
  18 slime creatures
  26 yaks
  4 wyverns
  2 fire elementals (D:13)
  3 wraiths
  Eustachio (D:6)
  A steam dragon (D:9)
  4 basilisks
  19 vampire mosquitoes
  4 wargs
  4 acid dragons
  6 water moccasins
  2 hell hounds (D:13)
  25 orc warriors
  5 black bears
  2 sky beasts
  4 ice beasts
  8 wolves
  16 ogres
  8 centaurs
  A lemure (D:4)
  4 kobold brigands
  3 gnoll sergeants
  8 bullfrogs
  3 scorpions
  A wyvern zombie (D:9)
  2 water moccasin zombies (D:6)
  15 killer bees
  A howler monkey (D:12)
  3 wights (D:8)
  2 electric eels (Lair:5)
  3 centaur zombies
  A bullfrog zombie (D:5)
  6 hounds
  A jelly (D:4)
  22 orc priests
  A bullfrog skeleton (D:5)
  2 gnoll shamans
  Jessica (D:3)
  6 iguanas
  Ijyb (D:3)
  Natasha (thrice) (D:3)
  Terence (D:3)
  24 orc wizards
  7 hell rats
  A hound skeleton (D:5)
  2 howler monkey zombies
  19 gnolls
  A howler monkey skeleton (D:7)
  7 adders
  A shadow imp (D:5)
  2 white imps (D:7)
  6 worms
  A dart slug (D:1)
  85 orcs
  6 ball pythons
  7 endoplasms
  2 giant cockroaches
  3 goblins
  9 hobgoblins
  2 quokkas
  10 bats
  8 frilled lizards
  14 kobolds
  4 rats
606 creatures vanquished.

Vanquished Creatures (others)
  A kobold (D:9)
  19 fungi
  24 plants
44 creatures vanquished.

Grand Total: 650 creatures vanquished

Notes
Turn   | Place    | Note
-------+----------+-------------------------------------------
     0 | D:1      | Peloso the Minotaur Fighter began the quest for the Orb.
     0 | D:1      | Reached XP level 1. HP: 19/19 MP: 0/0
   367 | D:1      | Reached XP level 2. HP: 26/27 MP: 1/1
   527 | D:1      | Found a faded altar of an unknown god.
  1373 | D:2      | Reached XP level 3. HP: 33/33 MP: 2/2
  1403 | D:2      | Reached skill level 3 in Long Blades
  1406 | D:2      | Reached XP level 4. HP: 32/40 MP: 3/3
  1411 | D:2      | Reached skill level 1 in Dodging
  1596 | D:2      | Reached skill level 4 in Long Blades
  1719 | D:2      | Reached XP level 5. HP: 46/46 MP: 4/4
  2179 | D:3      | Noticed Natasha
  2265 | D:3      | Killed Natasha
  2270 | D:3      | Noticed Natasha
  2273 | D:3      | Noticed Jessica
  2276 | D:3      | Killed Natasha
  2289 | D:3      | Killed Jessica
  2290 | D:3      | Reached skill level 5 in Long Blades
  2420 | D:3      | Noticed Natasha
  2433 | D:3      | Killed Natasha
  2434 | D:3      | Reached XP level 6. HP: 28/53 MP: 5/5
  2757 | D:3      | Found an opulent altar of Gozag.
  2783 | D:3      | Noticed Grinder
  2802 | D:3      | Killed Grinder
  2803 | D:3      | Reached skill level 5 in Fighting
  2803 | D:3      | Reached skill level 6 in Long Blades
  2803 | D:3      | Reached skill level 5 in Armour
  2922 | D:3      | Noticed Terence
  2923 | D:3      | Noticed Ijyb
  2926 | D:3      | Killed Terence
  2927 | D:3      | Reached XP level 7. HP: 61/61 MP: 6/6
  2932 | D:3      | Killed Ijyb
  3558 | D:4      | Noticed Pikel
  3587 | D:4      | Killed Pikel
  3588 | D:4      | Reached skill level 8 in Long Blades
  3588 | D:4      | Reached XP level 8. HP: 22/70 MP: 7/7
  4159 | D:5      | Entered Level 5 of the Dungeon
  4165 | D:5      | Reached skill level 5 in Shields
  4472 | D:5      | Reached skill level 9 in Long Blades
  5199 | D:5      | Reached skill level 10 in Long Blades
  5211 | D:5      | Found a runed translucent door.
  5262 | D:5      | Found a runed translucent door.
  5374 | D:5      | Reached XP level 9. HP: 39/78 MP: 8/8
  5772 | D:5      | Found a staircase to the Ecumenical Temple.
  5785 | Temple   | Entered the Ecumenical Temple
  5889 | Temple   | Became a worshipper of Warmaster Okawaru
  6345 | D:6      | Noticed a two-headed ogre
  6354 | D:6      | Killed a two-headed ogre
  6354 | D:6      | Reached * piety under Okawaru
  6355 | D:6      | Reached skill level 11 in Long Blades
  6523 | D:6      | Noticed a two-headed ogre
  6534 | D:6      | Killed a two-headed ogre
  6534 | D:6      | Reached ** piety under Okawaru
  6626 | D:6      | Noticed a gargoyle
  6638 | D:6      | Killed a gargoyle
  6638 | D:6      | Reached *** piety under Okawaru
  6639 | D:6      | Reached skill level 12 in Long Blades
  6639 | D:6      | Reached XP level 10. HP: 23/88 MP: 6/9
  6991 | D:6      | Noticed Eustachio
  7009 | D:6      | Killed Eustachio
  7808 | D:7      | Found a runed translucent door.
  7808 | D:7      | Noticed Peloso's ghost (novice MiFi)
  8628 | D:9      | Noticed a two-headed ogre
  8640 | D:8      | Killed a two-headed ogre
  8793 | D:8      | Reached skill level 10 in Armour
  8845 | D:9      | Reached **** piety under Okawaru
  8930 | D:8      | Reached skill level 13 in Long Blades
  9203 | D:9      | Noticed a boulder beetle
  9207 | D:9      | Noticed a two-headed ogre
  9214 | D:9      | Killed a two-headed ogre
  9215 | D:9      | Reached skill level 1 in Invocations
  9220 | D:9      | Killed a boulder beetle
  9220 | D:9      | Reached ***** piety under Okawaru
  9220 | D:9      | Received a gift from Okawaru
  9232 | D:9      | Reached XP level 11. HP: 58/97 MP: 7/10
  9758 | D:9      | Found a bloodstained altar of Trog.
  9794 | D:9      | Found a shadowy altar of Dithmenos.
 10061 | D:9      | Found a shimmering blue altar of Sif Muna.
 10148 | D:10     | Entered Level 10 of the Dungeon
 10318 | D:10     | Found Emu Piari's General Store.
 10510 | D:10     | Found a glowing silver altar of Zin.
 10510 | D:10     | Found a hazy altar of Hepliaklqana.
 10556 | D:10     | Found an ancient bone altar of Kikubaaqudgha.
 10648 | D:10     | Reached skill level 10 in Fighting
 10737 | D:10     | Found a staircase to the Lair.
 10903 | D:10     | Found a runed translucent door.
 10903 | D:10     | Found a shimmering altar of Xom.
 10903 | D:10     | Noticed Infinimo's ghost (journeyman GrBe)
 11009 | D:10     | Noticed a +0 hand axe of chaos
 11898 | D:11     | Noticed a death knight
 11899 | D:11     | Noticed a skeletal warrior
 11912 | D:10     | Reached skill level 14 in Long Blades
 12279 | D:7      | Noticed a two-headed ogre
 12286 | D:7      | Killed a two-headed ogre
 12297 | D:7      | Identified the +4 ring mail "Dios Piq" {rElec} (Okawaru
                  | gifted it to you on level 7 of the Dungeon)
 12297 | D:7      | Received a gift from Okawaru
 12564 | D:7      | Found a runed translucent door.
 12564 | D:7      | Found a runed translucent door.
 12595 | D:7      | Noticed Harold
 12617 | D:7      | Killed Harold
 12618 | D:7      | Reached skill level 1 in Stealth
 13450 | D:10     | Killed a skeletal warrior
 14055 | Lair:1   | Entered Level 1 of the Lair of Beasts
 14293 | Lair:1   | Reached XP level 12. HP: 100/110 MP: 12/12
 15094 | Lair:1   | Reached skill level 15 in Long Blades
 15450 | Lair:1   | Received a gift from Okawaru
 16786 | Lair:3   | Noticed a death yak
 16905 | Lair:3   | Noticed a death yak
 16905 | Lair:3   | Noticed a death yak
 16906 | Lair:3   | Noticed a death yak
 16926 | Lair:2   | Killed a death yak
 17153 | Lair:3   | Noticed a death yak
 17171 | Lair:2   | Killed a death yak
 17329 | Lair:2   | Killed a death yak
 17348 | Lair:2   | Killed a death yak
 17357 | Lair:2   | Killed a death yak
 18039 | Lair:3   | Reached skill level 10 in Shields
 18101 | Lair:3   | Reached XP level 13. HP: 115/119 MP: 11/14
 18210 | Lair:3   | Noticed Nergalle
 18584 | Lair:3   | Killed Nergalle
 18695 | Lair:3   | Identified the +6 scale mail "Xicseihi" {Harm Rampage Str-2
                  | Int+9} (Okawaru gifted it to you on level 3 of the Lair of
                  | Beasts)
 18695 | Lair:3   | Received a gift from Okawaru
 18744 | Lair:2   | Reached skill level 5 in Dodging
 20506 | D:11     | Noticed Gastronok
 20521 | D:11     | Killed Gastronok
 20719 | D:11     | Identified the +6 shortbow "Mepeddao" {venom, Int+4}
 21092 | D:11     | Reached skill level 1 in Evocations
 21256 | D:11     | Reached skill level 16 in Long Blades
 21967 | D:12     | Received a gift from Okawaru
 21968 | D:12     | Reached skill level 15 in Armour
 22226 | D:12     | HP: 6/123 [deep elf zephyrmancer/bolt of lightning (22)]
 22907 | D:12     | Found a staircase to the Orcish Mines.
 23067 | Orc:1    | Entered Level 1 of the Orcish Mines
 23385 | Orc:1    | Reached skill level 1 in Polearms
 23385 | Orc:1    | Reached XP level 14. HP: 128/130 MP: 16/16
 24098 | Orc:2    | Entered Level 2 of the Orcish Mines
 24115 | Orc:2    | Found a staircase to the Elven Halls.
 24409 | Orc:2    | Found Rerghu Susor's Weapon Boutique.
 24702 | Orc:2    | Found a runed translucent door.
 25500 | Orc:2    | Noticed an orc warlord
 25545 | Orc:1    | Killed an orc warlord
 25781 | Orc:2    | Found Oloxof's Antique Weapon Shoppe.
 25785 | Orc:2    | Found Weippe's Antique Armour Emporium.
 25793 | Orc:2    | Bought a dazzling hand crossbow for 178 gold pieces
 25793 | Orc:2    | Identified the +5 hand crossbow "Xitrow" {flame, Str+4}
                  | (You bought it in a shop on level 2 of the Orcish Mines)
 25799 | Orc:2    | Bought an embroidered hat for 238 gold pieces
 26161 | Orc:2    | Found Zutaps's Assorted Antiques.
 26166 | Orc:2    | Bought a scroll labelled HUFEUM CUEJIDD for 39 gold pieces
 26284 | Orc:2    | Reached skill level 5 in Invocations
 26295 | Orc:2    | Found Voask's Distillery.
 26301 | Orc:2    | Bought a potion of might for 60 gold pieces
 26382 | Orc:2    | Noticed DildoBatman's ghost (journeyman FoCj)
 26684 | Lair:4   | You fall into a shaft and drop 1 floor!
 27177 | Lair:5   | Noticed Snorg
 27191 | Lair:5   | Killed Snorg
 27199 | Lair:5   | Identified the +0 chain mail "Litzack" {Contam Fly rC+++
                  | SInv}
 27403 | Lair:5   | Received a gift from Okawaru
 28081 | Lair:5   | Found a viscous altar of Jiyva.
 28081 | Lair:5   | Found a staircase to the Slime Pits.
 28165 | Lair:4   | Identified the +10 scimitar of Past Mistakes {drain, rElec}
 28350 | Lair:4   | Found a hole to the Spider Nest.
 28712 | Lair:4   | Found a staircase to the Shoals.
 29288 | D:12     | Reached skill level 15 in Fighting
 29872 | D:12     | Received a gift from Okawaru
 31089 | D:13     | Found a portal to a secret trove of treasure.
 31096 | D:13     | Identified a scroll of acquirement
 31192 | D:13     | Noticed an ironbound preserver
 31201 | D:13     | Killed an ironbound preserver
 31222 | D:13     | Found a gate to the Vaults.
 31223 | D:13     | Noticed Azrael
 31985 | D:13     | Killed Azrael
 31986 | D:13     | Reached XP level 15. HP: 86/141 MP: 15/18
 32381 | D:14     | Reached skill level 17 in Long Blades
 32399 | D:14     | Identified the +5 rapier of Winter {venom, rC+}
 32634 | D:14     | Engulfed by a cloud of flame

Illustrated notes

Levels and vault maps discovered:
D:1:      minmay_arrival_wavy_path, layout_loops_ring,
          ebering_ecumenical_altar_mist
D:2:      layout_loops_corners, minivault_11, minmay_divided_ellipse
D:3:      layout_basic, grunt_gozag_statues, uniq_grinder, uniq_jessica,
          uniq_ijyb, uniq_natasha, uniq_terence
D:4:      layout_layer_cave, uniq_pikel
D:5:      lemuel_insect_pit, layout_basic, temple_hall, serial_park_tiny_pond,
          dk_vineyard_3
D:6:      layout_gridville, kb_rosetta, uniq_eustachio
D:7:      minmay_the_grid_four_pointed_star
          [minmay_the_grid_triangle_9x9_negative_grid,
          minmay_the_grid_triangle_9x9_thin_v,
          minmay_the_grid_triangle_9x9_tough_junction,
          minmay_the_grid_triangle_9x9_checkered,
          minmay_the_grid_prize_four_corners], layout_rooms,
          hellmonk_ghost_happy_afterlife, uniq_harold
D:8:      layout_rooms
D:9:      layout_basic, mainiacjoe_overflow_large_starburst, led_sif_pool,
          grunt_decor_clamped, nzn_sisyphean_effort
D:10:     layout_basic, gammafunk_temple_overflow_wave, general_overflow_altar,
          david_lair_generic, serial_shops, nicolae_take_the_stairs,
          ebering_ghost_xom
D:11:     layout_basic, uniq_gastronok
D:12:     layout_rooms, minmay_orc_entry_guard_dogs, billiards_dpeg
D:13:     layout_rooms, skrybe_vaults_entry_preservation, special_room
          [special_room_orc], enter_trove_3, serial_bayou_crossing, uniq_azrael
D:14:     nzn_winding_woodlands_small [nzn_winding_woodlands_5x15_pockets,
          nzn_winding_woodlands_center_lodge,
          nzn_winding_woodlands_5x15_crooked], layout_basic,
          kennysheep_big_empty_room, minivault_13
Temple:   regret_index_temple_waves
Lair:1:   layout_roguey
Lair:2:   layout_hall_layers, grunt_megastairs_3
Lair:3:   layout_cave_shapes, grunt_megastairs_5, uniq_nergalle
Lair:4:   layout_regular_city, elwin_shoals_entry_rocks,
          spider_nest_entry_web_field, guppyfry_lair_drakes
Lair:5:   layout_regular_city, dpeg_slime_entry_enclosed_altar,
          amcnicky_mini_pool_medium, uniq_snorg
Orc:1:    nicolae_orc_accident_1, layout_caves
Orc:2:    grunt_orc_community_town_hall, layout_caves,
          grunt_orc_community_big_house_2, grunt_orc_community_big_house_2,
          grunt_orc_community_house_1, grunt_orc_community_house_1,
          grunt_orc_community_house_3, grunt_orc_community_house_2,
          serial_shops, nicolae_shop_trees, ebering_ghost_reflecting_pool

Skill      XL: |  1  2  3  4  5  6  7  8  9 10 11 12 13 14 15 |
---------------+----------------------------------------------+-----
Fighting       | 4 5 6 8 9 11 12 13 15 | 15.5
Shields        | 4 5 6 7 8 10 11 13 | 13.3
Armour         | 4 5 6 7 8 10 11 13 15 16 | 16.7
Long Blades    | 3 4 5 6 8 10 12 13 14 15 16 17 | 17.0
Dodging        | 1 2 3 4 5 6 |  6.2
Invocations    | 1 2 3 4 5 |  5.4
Stealth        | 1 2 |  2.2
Evocations     | 1 |  1.3
Polearms       | 1 2 |  2.5
Crossbows      | |  0.5

Action                   |  1- 3 |  4- 6 |  7- 9 | 10-12 | 13-15 || total
-------------------------+-------+-------+-------+-------+-------++-------
Melee: Long sword        |    85 |   106 |   249 |   518 |       ||   958
       Headbutt          |     8 |    22 |    62 |   180 |   330 ||   602
       Falchion          |       |       |       |   193 |   807 ||  1000
       Spear             |       |       |       |       |    13 ||    13
       Scimitar          |       |       |       |       |   197 ||   197
 Fire: Hand crossbow     |       |       |       |       |     6 ||     6
Invok: Heroism           |       |       |     1 |    31 |    49 ||    81
       Finesse           |       |       |       |       |     1 ||     1
Evoke: Wand              |       |       |       |     5 |     5 ||    10
  Use: Scroll            |     2 |     4 |     5 |    13 |     8 ||    32
       Potion            |       |       |       |     2 |     1 ||     3
Armor: Scale mail        |    31 |    41 |       |       |       ||    72
       Chain mail        |       |     4 |   109 |   126 |   226 ||   465
       Plate armour      |       |       |       |   256 |   217 ||   473
Dodge: Dodged            |    29 |    44 |    70 |   317 |   432 ||   892
Block: Buckler           |    25 |    19 |    42 |   209 |   320 ||   615
